 Dungeon Crawl Stone Soup version 0.29-a0-648-g6b26cc9f40 (webtiles) character file.

Game seed: 4783657293219782675

244862 thriggle the Impaler (level 19, 0/149 HPs)
             Began as a Gnoll Wanderer on June 17, 2022.
             Was the Champion of Qazlal.
             Killed from afar by a titan (40 damage)
             ... with a bolt of lightning
             ... on level 1 of the Vaults on June 20, 2022.
             The game lasted 03:11:47 (34487 turns).

thriggle the Impaler (Gnoll Wanderer)              Turns: 34487, Time: 03:11:48

Health: 0/149      AC: 25    Str: 30    XL:     19   Next: 46%
Magic:  42/45      EV: 17    Int:  7    God:    Qazlal [******]
Gold:   2663       SH: 28    Dex: 18    Spells: 4/44 levels left

rFire   . . .      SeeInvis .   t - +8 demon blade "Leech" {vamp, Harm Drain rN+}
rCold   + . .      Faith    .   d - +2 kite shield {rC+}
rNeg    + + +      Spirit   .   n - +2 scale mail of a Gauntlet {rPois MP+9 Str+4 Stlth+}
rPois   +          Reflect  +   C - +1 helmet
rElec   .          Harm     +   T - +1 cloak
rCorr   .          Rampage  .   b - +2 pair of gloves of Gluttony {+Blink rN+++ Str+4 Int-2}
Will    ++...                   F - +1 pair of boots
Stlth   ++........              N - amulet of reflection
HPRegen 0.34/turn               k - ring of willpower
MPRegen 0.29/turn               Y - +6 ring of strength

@: protected from physical damage, repel missiles
A: fangs 1, strong nose, distributed training, noise suppression
}: 2/15 runes: serpentine, barnacled
a: Renounce Religion, Evoke Blink, Upheaval, Elemental Force, Disaster Area


You were on level 1 of the Vaults.
You worshipped Qazlal.
Qazlal was exalted by your worship.
You visited 6 branches of the dungeon, and saw 31 of its levels.
You also visited: Sewer.

You collected 3302 gold pieces.
You spent 639 gold pieces at shops.

Inventory:

Hand Weapons
 t - the +8 demon blade "Leech" (weapon) {vamp, Harm Drain rN+}
   (You found it in a sewer)

   It heals its wielder for a portion of the damage dealt every time it strikes
   a living foe.
   rN:        It protects you from negative energy.
   Drain:     It drains your maximum health when unequipped.
   Harm:      It increases damage dealt and taken.
 Q - the +11 battleaxe of Experimentation {elec, rElec rPois Str+3}
   (You found it on level 4 of the Shoals)

   It occasionally discharges a powerful burst of electricity upon striking a
   foe.
   Str:       It affects your strength (+3).
   rElec:     It insulates you from electricity.
   rPois:     It protects you from poison.
Missiles
 e - 15 silver javelins
 g - 7 curare-tipped darts
 r - 28 javelins
 s - 32 boomerangs (quivered)
 w - 2 throwing nets
 z - 2 boomerangs of dispersal
Armour
 b - the +2 pair of gloves of Gluttony (worn) {+Blink rN+++ Str+4 Int-2}
   (You acquired it on level 3 of the Shoals)

   Str:       It affects your strength (+4).
   Int:       It affects your intelligence (-2).
   rN:        It renders you almost immune to negative energy.
   +Blink:    It lets you blink.
 d - a +2 kite shield of cold resistance (worn)
 n - the +2 scale mail of a Gauntlet (worn) {rPois MP+9 Str+4 Stlth+}
   (You found it in a sewer)

   Str:       It affects your strength (+4).
   rPois:     It protects you from poison.
   MP:        It affects your magic capacity (+9).
   Stlth:     It makes you more stealthy.
 C - a +1 helmet (worn)
 F - a +1 pair of boots (worn)
 T - a +1 cloak (worn)
Magical Staves
 i - a staff of cold
 D - a staff of conjuration
Jewellery
 a - a ring of positive energy
 h - a ring of see invisible
 j - the amulet "Ramem" {RegenMP rElec rC+}
   (You found it on level 2 of the Dungeon)

   [amulet of magic regeneration]

   It increases your rate of magic regeneration.
   rC:        It protects you from cold.
   rElec:     It insulates you from electricity.
 k - a ring of willpower (left hand)
 x - a ring of protection from cold
 H - a +6 ring of strength
 I - a ring of flight
 L - a ring of resist corrosion
 N - an amulet of reflection (around neck)
 R - the ring of Nenetev {Fly rC+ Dex+3}
   (You found it on level 1 of the Vaults)

   [ring of protection from cold]

   Dex:       It affects your dexterity (+3).
   rC:        It protects you from cold.
   Fly:       It grants you flight.
 Y - a +6 ring of strength (right hand)
 Z - the ring "Jeyxariu" {Wiz Will+ Str+5 Dex-5}
   (You bought it in a shop on level 3 of the Snake Pit)

   [ring of wizardry]

   It improves your spell success rate.
   Str:       It affects your strength (+5).
   Dex:       It affects your dexterity (-5).
   Will:      It increases your willpower.
Wands
 f - a wand of quicksilver (14)
 v - a wand of iceblast (24)
 A - a wand of mindburst (22)
 G - a wand of paralysis (24)
 M - a wand of digging (5)
 V - a wand of flame (46)
 X - a wand of polymorph (13)
Scrolls
 l - 4 scrolls of fear
 q - 3 scrolls of silence
 u - 12 scrolls of teleportation
 y - 4 scrolls of fog
 J - a scroll of brand weapon
 S - a scroll of summoning
 W - 2 scrolls of poison
Potions
 c - 3 potions of invisibility
 m - a potion of magic
 o - 6 potions of flight
 p - 2 potions of heal wounds
 B - 3 potions of haste
 E - 4 potions of brilliance
 K - 10 potions of curing
 O - 4 potions of cancellation
 P - a potion of berserk rage
 U - 2 potions of might


   Skills:
 + Level 13.3 Fighting
 + Level 13.8 Short Blades
 + Level 13.1 Long Blades
 + Level 13.1 Axes
 + Level 13.1 Maces & Flails
 + Level 16.3 Polearms
 + Level 13.1 Staves
 + Level 13.1 Slings
 + Level 13.1 Bows
 + Level 13.1 Crossbows
 + Level 13.1 Throwing
 + Level 13.1 Armour
 + Level 13.1 Dodging
 + Level 13.1 Stealth
 + Level 13.3 Shields
 + Level 13.1 Unarmed Combat
 + Level 13.1 Spellcasting
 + Level 11.1 Conjurations
 + Level 11.1 Hexes
 + Level 11.1 Summonings
 + Level 11.1 Necromancy
 + Level 11.1 Translocations
 + Level 11.1 Transmutations
 + Level 11.1 Fire Magic
 + Level 11.1 Ice Magic
 + Level 11.1 Air Magic
 + Level 11.1 Earth Magic
 + Level 11.1 Poison Magic
 + Level 14.2 Invocations
 + Level 13.3 Evocations


You had 4 spell levels left.
You knew the following spells:

 Your Spells              Type           Power      Damage    Failure   Level
a - Frozen Ramparts       Ice            40%        1d6       1%          3
b - Swiftness             Air            20%        N/A       1%          3
c - Passwall              Tmut/Erth      16%        N/A       1%          2
d - Necrotize             Necr           80%        1d8       1%          1
e - Vampiric Draining     Necr           20%        2d7       1%          3
f - Call Canine Familiar  Summ           20%        N/A       1%          3
g - Portal Projectile     Hex/Tloc       40%        N/A       1%          3
h - Flame Wave            Conj/Fire      20%        2d7       4%          4
i - Airstrike             Air            10%        N/A       4%          4
j - Ice Form              Ice/Tmut       20%        N/A       4%          4
k - Static Discharge      Conj/Air       20%        N/A       1%          2
l - Dispel Undead         Necr           20%        3d11      4%          4
m - Summon Ice Beast      Ice/Summ       20%        N/A       4%          4

Your spell library contained the following spells:

 Spells                   Type           Power      Damage    Failure   Level
 Foxfire                  Conj/Fire      80%        2x1d8     1%          1
 Magic Dart               Conj           80%        1d7       1%          1
 Shock                    Conj/Air       80%        1d8       1%          1
 Ensorcelled Hibernation  Hex/Ice        40%        N/A       1%          2
 Searing Ray              Conj           40%        2d5       1%          2
 Conjure Flame            Conj/Fire      20%        6-21      1%          3
 Inner Flame              Hex/Fire       20%        N/A       1%          3
 Corpse Rot               Necr/Pois/Air  20%        N/A       4%          4
 Fulminant Prism          Conj/Hex       10%        3d9       4%          4
 Leda's Liquefaction      Hex/Erth       10%        N/A       4%          4
 Agony                    Necr           20%        N/A       12%         5
 Fireball                 Conj/Fire      10%        3d6       12%         5
 Lightning Bolt           Conj/Air       10%        1d23      12%         5
 Death Channel            Necr           10%        N/A       54%         6
 Starburst                Conj/Fire      10%        6d5       54%         6
 Borgnjor's Revivificati  Necr           10%        N/A       100%        8
 Ignition                 Fire           10%        3d5       100%        8
 Maxwell's Capacitive Co  Air            10%        ∞         100%        8
 Necromutation            Tmut/Necr      10%        N/A       100%        8
 Death's Door             Necr           10%        N/A       100%        9


Dungeon Overview and Level Annotations

Branches:
Dungeon (14/15)            Temple (0/1) D:7            Lair (6/6) D:8
 Shoals (4/4) Lair:4        Snake (4/4) Lair:2        Slime (0/5) Lair:6
    Orc (2/2) D:10            Elf (0/3) Orc:2        Vaults (1/5) D:13
  Sewer (visited)

Altars:
Elyvilon
Fedhas
Makhleb
Qazlal
Uskayaw
Xom
Beogh
Jiyva
Lugonu

Shops:
D:12 [   Orc:2 *=!(   Snake:3 *   Snake:4 [

Portals:
Abyss: Lair:6
Pandemonium: Orc:2


Innate Abilities, Weirdness & Mutations

You have very sharp teeth.
Your uncanny sense of smell can sniff out nearby items.
Your experience applies equally to all skills.
You passively dampen the noise of your surroundings.


Message History

The centaur warrior is almost dead.
You block the centaur warrior's attack. x2
The titan casts a spell at you. The bolt of lightning misses you.
Unknown command.
You slash the centaur warrior!
You feel better.
You kill the centaur warrior!
Qazlal accepts your kill.
The vault warden is engulfed in freezing vapours.
You block the titan's attack.
You slice the titan!!
You feel better.
The titan is severely wounded.
You block the vault warden's attack.
The ironbound convoker gestures at the vault warden while chanting.
The vault warden seems to grow stronger.
The titan hits you!!!
You feel more protected from physical attacks.
You barely miss the titan.
The titan is severely wounded.
Unknown command.
You slash the titan!
You feel better.
You bite the titan, but do no damage.
The titan is almost dead.
The centaur warrior is engulfed in freezing vapours.
The ironbound convoker is engulfed in freezing vapours.
The ironbound convoker casts a spell at the titan.
The titan seems to grow stronger.
The titan waves its arms in wide circles.
The air twists around and strikes you!
The vault warden hits you with a +3 war axe of venom!!!
* * * LOW HITPOINT WARNING * * *
Casting: Airstrike (mildly dangerous; 4% risk of failure)
Confirm with . or Enter, or press ? or * to list all spells.
Aiming: Vampiric Draining (safe; 1% risk of failure)
Press: ? - help, Shift-Dir - straight line, f - titan
Aim: a titan (almost dead, strong)
You draw life force from the titan!
You feel life coursing into your body!
The ironbound convoker is engulfed in freezing vapours.
The titan gestures at you while chanting.
The bolt of lightning hits you!!
You die...

#..#
#......#
#..#..#
#......#
#..#..#
#......#
#..#..#
#......#
#..#..#
#......#
####.c#..#
########
..+pc#..#
#pC#∆.#
#☼@+..#
#..+..#
#######


You could see a titan (strong), a vault warden (strong), 2 centaur warriors and
an ironbound convoker.

Vanquished Creatures
  Mlioglotl (Shoals:4)
  A kraken (Shoals:3)
  A sphinx (Vaults:1)
  Polyphemus (Shoals:2)
  Gastronok (Lair:1)
  2 nagarajas (Snake:4)
  Ilsuiw (Shoals:2)
  The ghost of Liimbo the Severer, an adept FoWn of the Shining One (Shoals:3)
  The ghost of ptdevnull the Basher, a journeyman DjFE of Ashenzari (Orc:2)
  An orc warlord (Orc:2)
  An ironbound thunderhulk (Vaults:1)
  A minotaur (Shoals:3)
  Snorg (D:11)
  An ettin (Orc:1)
  10 merfolk javelineers
  A yaktaur captain (Vaults:1)
  11 merfolk impalers
  2 spectral krakens (Shoals:4)
  3 salamander tyrants (Snake:4)
  A two-headed ogre (shapeshifter) (Lair:6)
  A boulder beetle (D:13)
  An ice dragon (Vaults:1)
  3 centaur warriors
  7 merfolk avatars
  2 ogre magi
  5 alligator snapping turtles
  10 vault guards
  A two-headed ogre (D:12)
  A satyr (Shoals:3)
  A death knight (D:14)
  A demonspawn (Orc:2)
  3 ghost crabs (Shoals:4)
  9 merfolk aquamancers
  16 anacondas
  2 catoblepae
  9 naga warriors
  7 death yaks
  6 orc high priests (Orc:2)
  9 naga sharpshooters
  6 shock serpents
  Urug (D:12)
  2 thrashing horrors (Lair:6)
  Sonja (D:11)
  6 salamander mystics
  20 sea snakes
  A sixfirhy (Orc:2)
  Lodul (D:11)
  A large abomination (Lair:6)
  2 naga ritualists (Snake:3)
  9 orc knights
  Pikel (D:6)
  2 deep elf pyromancers
  2 ironbound convokers (Vaults:1)
  23 harpies
  2 oklob plants (Lair:3)
  7 mana vipers
  9 orc sorcerers
  3 lindwurms
  A faun (shapeshifter) (Lair:6)
  6 ugly things
  4 cyclopes
  13 salamanders
  14 manticores
  15 fauns
  7 guardian serpents
  A spectral alligator snapping turtle (Shoals:4)
  2 centaur zombies (D:11)
  13 elephants
  8 merfolk sirens
  Joseph (Lair:1)
  Maurice (D:13)
  34 black mambas
  A black mamba (shapeshifter) (Lair:6)
  7 water nymphs
  Maggie (D:6)
  A smoke demon (Lair:6)
  2 torpor snails
  14 naga magi
  A gargoyle (D:13)
  2 spectral sea snakes (Shoals:4)
  9 cane toads
  Psyche (D:8)
  4 rime drakes
  2 yaktaurs
  12 komodo dragons
  An ice devil (Orc:2)
  A tengu conjurer (D:13)
  2 ancient zymes (Lair:6)
  A polar bear (Lair:6)
  A spectral water nymph (Shoals:4)
  A hellwing (Orc:2)
  8 trolls
  3 meliai (Shoals:3)
  6 wind drakes
  10 slime creatures
  28 merfolk
  A spectral manticore (Shoals:4)
  9 snapping turtles
  2 hornets
  2 spectral merfolk (Shoals:4)
  14 dream sheep
  19 blink frogs
  A meliai zombie (D:11)
  17 water elementals
  3 shadows
  4 vampires (D:11)
  2 wyverns
  7 wraiths
  A ynoxinul (Orc:2)
  2 chaos spawn (Lair:6)
  A human (D:13)
  2 vampire mosquitoes (D:12)
  58 yaks
  7 basilisks
  29 nagas
  An acid dragon (D:13)
  Duvessa (D:5)
  A spectral snapping turtle (Shoals:4)
  7 water moccasins
  41 orc warriors
  3 ice beasts
  An ogre (shapeshifter) (Lair:6)
  2 black bears
  19 ogres
  5 boggarts (Vaults:1)
  17 wolves
  9 centaurs
  A phantom (D:6)
  4 kobold brigands
  13 bullfrogs
  Blork the orc (D:6)
  9 small abominations (Lair:6)
  A gnoll sergeant (D:10)
  3 necrophages
  2 scorpions
  Dowan (D:5)
  9 wights (D:7)
  5 killer bees (D:11)
  2 hounds (D:6)
  A jelly (D:4)
  26 orc priests
  2 gnoll shamans
  Jessica (D:2)
  27 orc wizards
  Natasha (D:2)
  2 iguanas
  18 gnolls
  12 adders
  2 river rats (D:5)
  2 shadow imps (D:7)
  A white imp (D:7)
  4 worms
  4 dart slugs
  80 orcs
  16 ball pythons
  5 bats
  14 endoplasms
  13 giant cockroaches
  12 goblins
  5 hobgoblins
  9 jackals
  12 quokkas
  9 frilled lizards
  24 kobolds
  5 rats
  A bush (D:7)
  3 tentacles
1125 creatures vanquished.

Vanquished Creatures (collateral kills)
  2 harpies
  A merfolk siren (Lair:4)
  3 naga magi
  A merfolk (Shoals:3)
  A dream sheep (Lair:5)
  2 yaks (Lair:4)
  A small abomination (Lair:6)
  2 ogres (D:11)
  A bullfrog (D:7)
  4 gnolls (D:6)
  An orc (D:6)
19 creatures vanquished.

Vanquished Creatures (others)
  2 manticores
  An orc wizard (Orc:2)
  A kobold (D:10)
  7 fungi
  99 plants
  19 tentacles
  3 withered plants
132 creatures vanquished.

Grand Total: 1276 creatures vanquished

Notes
Turn   | Place    | Note
-------+----------+-------------------------------------------
     0 | D:1      | Reached skill level 10 in Polearms
     0 | D:1      | thriggle the Gnoll Wanderer began the quest for the Orb.
     0 | D:1      | thriggle set off with the following items: a +2 spear, a +0
                  | short sword, a +0 buckler, a scroll of fog, a +0 leather
                  | armour.
     0 | D:1      | Reached XP level 1. HP: 17/17 MP: 1/1
    72 | D:1      | Reached XP level 2. HP: 22/23 MP: 2/2
   108 | D:1      | You fall into a shaft and drop 1 floor!
   113 | D:2      | Identified the amulet "Ramem" {RegenMP rElec rC+}
   181 | D:1      | Reached XP level 3. HP: 28/28 MP: 3/3
   252 | D:1      | Found a faded altar of an unknown god.
   261 | D:1      | Prayed at the altar of an unknown god.
   261 | D:1      | Became a worshipper of Qazlal Stormbringer
   261 | D:1      | Reached * piety under Qazlal
   424 | D:1      | Reached skill level 1 in Invocations
   680 | D:2      | Reached skill level 1 in Long Blades
   680 | D:2      | Reached skill level 1 in Axes
   680 | D:2      | Reached skill level 1 in Maces & Flails
   680 | D:2      | Reached skill level 1 in Staves
   680 | D:2      | Reached skill level 1 in Slings
   680 | D:2      | Reached skill level 1 in Bows
   680 | D:2      | Reached skill level 1 in Crossbows
   680 | D:2      | Reached skill level 1 in Throwing
   680 | D:2      | Reached skill level 1 in Armour
   680 | D:2      | Reached skill level 1 in Dodging
   680 | D:2      | Reached skill level 1 in Stealth
   680 | D:2      | Reached skill level 1 in Unarmed Combat
   680 | D:2      | Reached skill level 1 in Spellcasting
  1008 | D:2      | Reached XP level 4. HP: 34/34 MP: 5/5
  1102 | D:2      | Noticed Jessica
  1123 | D:2      | Killed Jessica
  1124 | D:2      | Reached skill level 1 in Conjurations
  1124 | D:2      | Reached skill level 1 in Hexes
  1124 | D:2      | Reached skill level 1 in Summonings
  1124 | D:2      | Reached skill level 1 in Necromancy
  1124 | D:2      | Reached skill level 1 in Translocations
  1124 | D:2      | Reached skill level 1 in Transmutations
  1124 | D:2      | Reached skill level 1 in Fire Magic
  1124 | D:2      | Reached skill level 1 in Ice Magic
  1124 | D:2      | Reached skill level 1 in Air Magic
  1124 | D:2      | Reached skill level 1 in Earth Magic
  1124 | D:2      | Reached skill level 1 in Poison Magic
  1635 | D:2      | Noticed Natasha
  1641 | D:2      | Killed Natasha
  1673 | D:2      | Reached XP level 5. HP: 40/40 MP: 6/6
  1785 | D:2      | Reached ** piety under Qazlal
  2237 | D:3      | Found a burning altar of Makhleb.
  2957 | D:4      | Reached XP level 6. HP: 47/47 MP: 8/8
  3006 | D:4      | Found a white marble altar of Elyvilon.
  3035 | D:4      | Reached skill level 5 in Short Blades
  3046 | D:4      | Noticed a black bear
  3055 | D:4      | Killed a black bear
  3537 | D:5      | Entered Level 5 of the Dungeon
  3634 | D:5      | Reached XP level 7. HP: 46/52 MP: 10/10
  3684 | D:5      | Noticed Duvessa
  3685 | D:5      | Noticed Dowan
  3903 | D:5      | Gained mutation: You have a pair of small antennae on your
                  | head. [potion of mutation]
  3903 | D:5      | Gained mutation: You passively dampen the noise of your
                  | surroundings. [potion of mutation]
  3903 | D:5      | Lost mutation: You have a pair of small antennae on your
                  | head. [potion of mutation]
  3918 | D:5      | Reached *** piety under Qazlal
  3953 | D:5      | Killed Duvessa
  4012 | D:5      | Found a glowing drain.
  4019 | Sewer    | Entered a sewer
  4395 | Sewer    | Reached XP level 8. HP: 50/60 MP: 12/12
  4506 | Sewer    | Found the +8 demon blade "Leech" {vamp, Harm Drain rN+}
  4531 | Sewer    | Identified the +2 scale mail of a Gauntlet {rPois MP+9
                  | Str+4 Stlth+}
  4640 | D:5      | Killed Dowan
  5378 | D:6      | Reached **** piety under Qazlal
  5379 | D:6      | Reached skill level 11 in Polearms
  5512 | D:6      | Reached XP level 9. HP: 66/66 MP: 14/14
  5517 | D:6      | Found a shimmering altar of Xom.
  5517 | D:6      | Noticed Blork the orc
  5524 | D:6      | Killed Blork the orc
  5585 | D:6      | Noticed Maggie
  5594 | D:6      | Killed Maggie
  5901 | D:6      | Noticed Pikel
  5907 | D:6      | Killed Pikel
  5908 | D:6      | Reached skill level 5 in Fighting
  5908 | D:6      | Reached skill level 5 in Shields
  5908 | D:6      | Reached skill level 5 in Evocations
  6093 | D:7      | Reached skill level 5 in Invocations
  6145 | D:7      | Found a staircase to the Ecumenical Temple.
  6464 | D:7      | Reached XP level 10. HP: 72/74 MP: 17/17
  6469 | D:7      | Learned a level 3 spell: Frozen Ramparts
  6473 | D:7      | Learned a level 3 spell: Swiftness
  6476 | D:7      | Learned a level 2 spell: Passwall
  6648 | D:7      | Reached skill level 5 in Long Blades
  6648 | D:7      | Reached skill level 5 in Axes
  6648 | D:7      | Reached skill level 5 in Maces & Flails
  6648 | D:7      | Reached skill level 5 in Staves
  6648 | D:7      | Reached skill level 5 in Slings
  6648 | D:7      | Reached skill level 5 in Bows
  6648 | D:7      | Reached skill level 5 in Crossbows
  6648 | D:7      | Reached skill level 5 in Throwing
  6648 | D:7      | Reached skill level 5 in Armour
  6648 | D:7      | Reached skill level 5 in Dodging
  6648 | D:7      | Reached skill level 5 in Stealth
  6648 | D:7      | Reached skill level 5 in Unarmed Combat
  6648 | D:7      | Reached skill level 5 in Spellcasting
  6699 | D:7      | Found a blossoming altar of Fedhas.
  7332 | D:8      | Noticed Psyche
  7337 | D:8      | Killed Psyche
  7395 | D:8      | Found a staircase to the Lair.
  7839 | D:9      | Noticed a cyclops
  7846 | D:9      | Killed a cyclops
  7869 | D:9      | Reached ***** piety under Qazlal
  8673 | D:10     | Entered Level 10 of the Dungeon
  8755 | D:10     | Found a staircase to the Orcish Mines.
  8782 | D:10     | Reached XP level 11. HP: 72/83 MP: 19/19
  9402 | D:10     | Reached skill level 12 in Polearms
  9902 | Orc:1    | Entered Level 1 of the Orcish Mines
  9911 | D:10     | Reached skill level 5 in Conjurations
  9911 | D:10     | Reached skill level 5 in Hexes
  9911 | D:10     | Reached skill level 5 in Summonings
  9911 | D:10     | Reached skill level 5 in Necromancy
  9911 | D:10     | Reached skill level 5 in Translocations
  9911 | D:10     | Reached skill level 5 in Transmutations
  9911 | D:10     | Reached skill level 5 in Fire Magic
  9911 | D:10     | Reached skill level 5 in Ice Magic
  9911 | D:10     | Reached skill level 5 in Air Magic
  9911 | D:10     | Reached skill level 5 in Earth Magic
  9911 | D:10     | Reached skill level 5 in Poison Magic
  9949 | D:11     | Noticed Snorg
  9950 | D:11     | Noticed a deep elf pyromancer
  9960 | D:11     | Killed Snorg
  9967 | D:11     | Killed a deep elf pyromancer
 10067 | D:11     | Noticed a manticore
 10076 | D:11     | Killed a manticore
 10078 | D:11     | Noticed Sonja
 10080 | D:11     | Noticed Lodul
 10101 | D:11     | Killed Lodul
 10137 | D:11     | Killed Sonja
 10166 | D:11     | Learned a level 1 spell: Necrotize
 10256 | D:11     | Noticed a manticore
 10264 | D:11     | Killed a manticore
 10399 | D:11     | Reached XP level 12. HP: 27/91 MP: 22/22
 11135 | Lair:1   | Entered Level 1 of the Lair of Beasts
 11289 | Lair:1   | Noticed Gastronok
 11307 | Lair:1   | Killed Gastronok
 11390 | Lair:1   | Found a blossoming altar of Fedhas.
 11554 | Lair:1   | Noticed Joseph
 11563 | Lair:1   | Killed Joseph
 12482 | Lair:2   | Noticed a catoblepas
 12505 | Lair:2   | Killed a catoblepas
 12512 | Lair:2   | Reached XP level 13. HP: 99/99 MP: 24/24
 12720 | Lair:2   | Found a staircase to the Snake Pit.
 12987 | Lair:3   | Reached skill level 13 in Polearms
 13263 | Lair:3   | Learned a level 3 spell: Vampiric Draining
 13929 | Lair:4   | Learned a level 3 spell: Call Canine Familiar
 13963 | Lair:4   | Found a staircase to the Shoals.
 14791 | Lair:5   | You fall into a shaft and drop 1 floor!
 14791 | Lair:6   | Entered Level 6 of the Lair of Beasts
 14814 | Lair:6   | Reached skill level 10 in Short Blades
 14815 | Lair:6   | Reached XP level 14. HP: 108/108 MP: 26/26
 15304 | Lair:6   | Reached skill level 10 in Invocations
 15306 | Lair:6   | Reached ****** piety under Qazlal
 15459 | Lair:6   | Found a viscous altar of Jiyva.
 15460 | Lair:6   | Found a staircase to the Slime Pits.
 16310 | Lair:6   | Reached skill level 10 in Fighting
 16310 | Lair:6   | Reached skill level 10 in Shields
 16310 | Lair:6   | Reached skill level 10 in Evocations
 16324 | Lair:6   | Found a corrupted altar of Lugonu.
 16324 | Lair:6   | Found a one-way gate to the infinite horrors of the Abyss.
 16331 | Lair:6   | Identified the +6 spear of Ycvyfraurch {vamp, Int+4}
 16682 | Snake:1  | Entered Level 1 of the Snake Pit
 17122 | Snake:1  | Reached skill level 14 in Polearms
 17215 | Snake:1  | Learned a level 3 spell: Portal Projectile
 17429 | Snake:1  | Reached XP level 15. HP: 115/115 MP: 28/28
 18555 | Snake:2  | Reached skill level 10 in Long Blades
 18555 | Snake:2  | Reached skill level 10 in Axes
 18555 | Snake:2  | Reached skill level 10 in Maces & Flails
 18555 | Snake:2  | Reached skill level 10 in Staves
 18555 | Snake:2  | Reached skill level 10 in Slings
 18555 | Snake:2  | Reached skill level 10 in Bows
 18555 | Snake:2  | Reached skill level 10 in Crossbows
 18555 | Snake:2  | Reached skill level 10 in Throwing
 18555 | Snake:2  | Reached skill level 10 in Armour
 18555 | Snake:2  | Reached skill level 10 in Dodging
 18555 | Snake:2  | Reached skill level 10 in Stealth
 18555 | Snake:2  | Reached skill level 10 in Unarmed Combat
 18555 | Snake:2  | Reached skill level 10 in Spellcasting
 18769 | Snake:2  | Learned a level 4 spell: Flame Wave
 19390 | Snake:3  | Found Louher's General Store.
 19429 | Snake:3  | Bought the ring "Jeyxariu" {Wiz Will+ Str+5 Dex-5} for 639
                  | gold pieces
 20900 | Snake:4  | Entered Level 4 of the Snake Pit
 20946 | Snake:4  | Reached XP level 16. HP: 114/124 MP: 30/30
 21121 | Snake:4  | Found Bomouvuf's Armour Boutique.
 21401 | Snake:4  | Noticed a nagaraja
 21411 | Snake:4  | Killed a nagaraja
 21561 | Snake:4  | Upgraded the game from 0.29-a0-617-g7a6b98fccd to
                  | 0.29-a0-648-g6b26cc9f40
 21773 | Snake:4  | Learned a level 3 spell: Conjure Flame
 22211 | Snake:4  | Got a serpentine rune of Zot
 22399 | Snake:4  | Noticed a nagaraja
 22511 | Snake:4  | Killed a nagaraja
 22966 | D:12     | Noticed Urug
 22980 | D:12     | Killed Urug
 23082 | D:12     | Reached skill level 15 in Polearms
 23364 | D:12     | Found a burning altar of Makhleb.
 23492 | D:12     | Found Xacw's Armour Emporium.
 23818 | D:13     | Noticed Maurice
 23824 | D:13     | Killed Maurice
 23856 | D:13     | Found a shimmering altar of Xom.
 23857 | D:13     | Found a shimmering altar of Xom.
 23857 | D:13     | Found a shimmering altar of Xom.
 23858 | D:13     | Found a shimmering altar of Xom.
 23864 | D:13     | Found a shimmering altar of Xom.
 24287 | D:13     | Found a shimmering altar of Xom.
 24625 | D:13     | Reached XP level 17. HP: 132/132 MP: 32/32
 24693 | D:13     | Found a gate to the Vaults.
 24727 | Vaults:1 | Entered Level 1 of the Vaults
 25622 | Orc:2    | Entered Level 2 of the Orcish Mines
 26193 | Orc:2    | Found a staircase to the Elven Halls.
 26263 | Orc:2    | Found a runed translucent door.
 26274 | Orc:2    | Noticed ptdevnull's ghost (journeyman DjFE)
 26291 | Orc:2    | Killed ptdevnull's ghost
 26297 | Orc:2    | Identified the +2 leather armour "Yntoatti" {rElec}
 26378 | Orc:2    | Found Kusicer's Distillery.
 26385 | Orc:2    | Found Duwioss's General Store.
 26728 | Orc:2    | Found Kemiffo's Antique Weapon Boutique.
 26728 | Orc:2    | Found Kiddeurgh's Jewellery Shop.
 26729 | Orc:2    | Found a one-way gate leading to the halls of Pandemonium.
 27297 | Shoals:1 | Entered Level 1 of the Shoals
 27375 | Shoals:1 | Reached skill level 10 in Conjurations
 27375 | Shoals:1 | Reached skill level 10 in Hexes
 27375 | Shoals:1 | Reached skill level 10 in Summonings
 27375 | Shoals:1 | Reached skill level 10 in Necromancy
 27375 | Shoals:1 | Reached skill level 10 in Translocations
 27375 | Shoals:1 | Reached skill level 10 in Transmutations
 27375 | Shoals:1 | Reached skill level 10 in Fire Magic
 27375 | Shoals:1 | Reached skill level 10 in Ice Magic
 27375 | Shoals:1 | Reached skill level 10 in Air Magic
 27375 | Shoals:1 | Reached skill level 10 in Earth Magic
 27375 | Shoals:1 | Reached skill level 10 in Poison Magic
 27392 | Shoals:1 | Learned a level 4 spell: Ice Form
 27395 | Shoals:1 | Learned a level 2 spell: Static Discharge
 27958 | Shoals:1 | Learned a level 4 spell: Dispel Undead
 28515 | Shoals:2 | Noticed Ilsuiw
 28911 | Shoals:2 | Reached XP level 18. HP: 141/141 MP: 34/34
 29145 | Shoals:2 | Killed Ilsuiw
 29239 | Shoals:2 | Noticed Polyphemus
 29260 | Shoals:2 | Killed Polyphemus
 29411 | Shoals:2 | Identified the +0 scale mail "Arousore" {rN+}
 29856 | Shoals:2 | Learned a level 4 spell: Summon Ice Beast
 30042 | Shoals:3 | Found a hide-covered altar of Uskayaw.
 30047 | Shoals:3 | Found a runed translucent door.
 30047 | Shoals:3 | Noticed Liimbo's ghost (adept FoWn)
 30066 | Shoals:3 | Identified a scroll of acquirement
 30143 | Shoals:3 | Acquired the +2 pair of gloves of Gluttony {+Blink rN+++
                  | Str+4 Int-2}
 30561 | Shoals:3 | Killed Liimbo's ghost
 30737 | Shoals:3 | Reached skill level 16 in Polearms
 31151 | Shoals:4 | Entered Level 4 of the Shoals
 31157 | Shoals:4 | Noticed Mlioglotl
 31179 | Shoals:4 | Killed Mlioglotl
 31614 | Shoals:3 | Learned a level 4 spell: Airstrike
 32496 | Shoals:4 | Got a barnacled rune of Zot
 32787 | Shoals:4 | Identified the +4 fustibalus "Limu" {flame, *Corrode rElec
                  | rN++ Str-4}
 32793 | Shoals:4 | Reached XP level 19. HP: 135/149 MP: 35/35
 33102 | Shoals:4 | Identified the +3 spear "Acleusie" {drain, Fly rPois rC-
                  | Str+5}
 33642 | Shoals:4 | Identified the +11 battleaxe of Experimentation {elec,
                  | rElec rPois Str+3}
 34320 | Vaults:1 | Identified the ring of Nenetev {Fly rC+ Dex+3}
 34487 | Vaults:1 | Killed from afar by a titan

Illustrated notes

Levels and vault maps discovered:
D:1:      minmay_arrival_hallway, layout_basic,
          shapermc_ecumenical_altar_mp_highgroup, minmay_tetromino_o2
D:2:      layout_loops_ring, kennysheep_jessica_study, uniq_natasha
D:3:      layout_basic, mainiacjoe_overflow_boulevard,
          minmay_misc_feat_ornament, grunt_decor_junction
D:4:      layout_gridville, overflow_temple_1_default
D:5:      layout_loops_cross, lightli_sewer_entry_pipes, hex_medium,
          uniq_duvessa
D:6:      hellmonk_ruined_rings, layout_rooms, mainiacjoe_overflow_alcove_1,
          corexii_corridor_pit, uniq_maggie, uniq_blork_the_orc, uniq_pikel
D:7:      layout_layer_cave, fedhas_bush_and_centaur_altar, temple_pool_b
D:8:      layout_loops_ring, david_lair_shrubbed, dk_rats_in_the_wall,
          uniq_psyche
D:9:      layout_basic
D:10:     layout_layer_cave, orc_0_dummy, kennysheep_small_square
D:11:     layout_roguey, serial_undead, serial_undead_e, serial_undead_d,
          serial_undead_e, serial_undead_d, corexii_checkpoint_b, hex_large,
          minmay_strange_pillars, uniq_sonja, uniq_snorg, uniq_lodul
D:12:     layout_stronghold, serial_shops, shop, bloody_makhleb, uniq_urug
D:13:     layout_basic, grunt_vaults_entry_fortified, xom_shifter_show,
          uniq_maurice
D:14:     layout_roguey, hellmonk_bongcloud_opening,
          nicolae_wu_jian_wuxing_cycle
Lair:1:   layout_cave_pods, basic_altar, grunt_megastairs_5, uniq_joseph,
          uniq_gastronok
Lair:2:   layout_cellular_growth, dummy_snake_entry
Lair:3:   minmay_lair_oklob_chamber, layout_chaotic_city
Lair:4:   layout_big_grid, elwin_shoals_entry_stream, lemuel_fruit_tree,
          grunt_megastairs_3
Lair:5:   layout_hall_layers, grunt_megastairs_1
Lair:6:   hellmonk_lair_end_abyssal_woods, layout_gridlike,
          dpeg_slime_entry_enclosed_altar
Shoals:1: layout_shoals, st_sunken_huts
Shoals:2: layout_shoals, nicolae_shoals_arrival_archipelago, uniq_polyphemus,
          uniq_ilsuiw
Shoals:3: layout_shoals, hellmonk_ghost_happy_afterlife,
          regret_index_shoals_crete
Shoals:4: shoals_end_simple, layout_shoals, shoal_ilsuiw,
          nicolae_shoals_spectral_cove, uniq_mlioglotl
Snake:1:  layout_layer_cave
Snake:2:  layout_basic
Snake:3:  layout_chambers, serial_shops, shop, grunt_ministairs_7
Snake:4:  snake_pit_salamanders_mu, layout_onion_interference,
          serial_bayou_shore_b, serial_bayou_shore_a, minmay_shop_star
Orc:1:    cheibrodos_orc_arena, layout_caves, basic_altar
Orc:2:    pf_orc_diabolical, layout_caves, basic_altar,
          ebering_ghost_reflecting_pool, guppyfry_library_mini
Vaults:1: st_greater_box_4, hangedman_vaults_nails, vaults_room_door_ring,
          ontoclasm_vaults_eye, hangedman_vaults_restitches, v_misc_1,
          nicolae_vaults_big_angled_halls, hangedman_vaults_trim,
          nicolae_vaults_little_ls, v_misc_18, nicolae_vaults_little_squares_6,
          v_misc_22, layout_vaults_omnibox, uniq_zenata, uniq_saint_roka

Skill      XL: |  1  2  3  4  5  6  7  8  9 10 11 12 13 14 15 16 17 18 19 |
---------------+----------------------------------------------------------+-----
Polearms       | 11 12 13 14 15 16 | 16.3
Invocations    | 1 2 3 4 5 6 7 8 9 10 11 12 13 14 | 14.2
Long Blades    | 1 2 3 4 5 6 7 8 9 10 11 12 13 | 13.1
Axes           | 1 2 3 4 5 6 7 8 9 10 11 12 13 | 13.1
Maces & Flails | 1 2 3 4 5 6 7 8 9 10 11 12 13 | 13.1
Staves         | 1 2 3 4 5 6 7 8 9 10 11 12 13 | 13.1
Slings         | 1 2 3 4 5 6 7 8 9 10 11 12 13 | 13.1
Bows           | 1 2 3 4 5 6 7 8 9 10 11 12 13 | 13.1
Crossbows      | 1 2 3 4 5 6 7 8 9 10 11 12 13 | 13.1
Throwing       | 1 2 3 4 5 6 7 8 9 10 11 12 13 | 13.1
Armour         | 1 2 3 4 5 6 7 8 9 10 11 12 13 | 13.1
Dodging        | 1 2 3 4 5 6 7 8 9 10 11 12 13 | 13.1
Stealth        | 1 2 3 4 5 6 7 8 9 10 11 12 13 | 13.1
Unarmed Combat | 1 2 3 4 5 6 7 8 9 10 11 12 13 | 13.1
Spellcasting   | 1 2 3 4 5 6 7 8 9 10 11 12 13 | 13.1
Conjurations   | 1 2 3 4 5 6 7 8 9 10 11 | 11.1
Hexes          | 1 2 3 4 5 6 7 8 9 10 11 | 11.1
Summonings     | 1 2 3 4 5 6 7 8 9 10 11 | 11.1
Necromancy     | 1 2 3 4 5 6 7 8 9 10 11 | 11.1
Translocations | 1 2 3 4 5 6 7 8 9 10 11 | 11.1
Transmutations | 1 2 3 4 5 6 7 8 9 10 11 | 11.1
Fire Magic     | 1 2 3 4 5 6 7 8 9 10 11 | 11.1
Ice Magic      | 1 2 3 4 5 6 7 8 9 10 11 | 11.1
Air Magic      | 1 2 3 4 5 6 7 8 9 10 11 | 11.1
Earth Magic    | 1 2 3 4 5 6 7 8 9 10 11 | 11.1
Poison Magic   | 1 2 3 4 5 6 7 8 9 10 11 | 11.1
Fighting       | 3 4 5 6 7 8 9 10 11 12 13 | 13.3
Shields        | 3 4 5 6 7 8 9 10 11 12 13 | 13.3
Evocations     | 3 4 5 6 7 8 9 10 11 12 13 | 13.3
Short Blades   | 5 6 7 8 9 10 11 12 13 | 13.8

Action                   |  1- 3 |  4- 6 |  7- 9 | 10-12 | 13-15 | 16-18 | 19-21 || total
-------------------------+-------+-------+-------+-------+-------+-------+-------++-------
Melee: Spear             |    95 |   204 |    94 |       |       |       |       ||   393
       Bite              |     5 |    17 |    19 |    61 |   116 |   212 |    55 ||   485
       Trident           |       |       |   179 |       |       |       |       ||   179
       Demon blade       |       |       |    61 |   501 |   811 |  1323 |   294 ||  2990
       Unarmed           |       |       |       |       |       |     5 |       ||     5
Throw: Stone             |       |    22 |    16 |       |       |       |       ||    38
       Boomerang         |       |     1 |       |     2 |    10 |   165 |    18 ||   196
       Javelin           |       |       |    10 |     5 |     2 |     4 |       ||    21
       Dart              |       |       |       |     1 |     1 |     1 |       ||     3
       Throwing net      |       |       |       |       |       |     1 |       ||     1
 Cast: Necrotize         |       |       |       |       |    21 |    28 |       ||    49
       Frozen Ramparts   |       |       |       |       |    16 |    51 |     4 ||    71
       Call Canine Famil |       |       |       |       |    14 |     7 |       ||    21
       Vampiric Draining |       |       |       |       |    19 |    58 |     1 ||    78
       Swiftness         |       |       |       |       |     9 |    12 |       ||    21
       Flame Wave        |       |       |       |       |     6 |    12 |       ||    18
       Portal Projectile |       |       |       |       |     2 |     2 |       ||     4
       Ice Form          |       |       |       |       |       |     2 |       ||     2
       Conjure Flame     |       |       |       |       |       |     3 |       ||     3
       Airstrike         |       |       |       |       |       |    13 |    19 ||    32
       Summon Ice Beast  |       |       |       |       |       |     4 |       ||     4
       Dispel Undead     |       |       |       |       |       |     1 |       ||     1
       Static Discharge  |       |       |       |       |       |     1 |       ||     1
Invok: Elemental Force   |       |       |     1 |     2 |     3 |     1 |       ||     7
       Upheaval          |       |       |       |     1 |     1 |       |       ||     2
       Disaster Area     |       |       |       |     1 |       |       |       ||     1
 Abil: Evoke Blink       |       |       |       |       |       |     1 |       ||     1
Evoke: Wand              |       |       |     6 |       |     3 |     1 |       ||    10
  Use: Scroll            |     4 |    10 |     8 |     3 |     9 |     7 |     1 ||    42
       Potion            |       |       |    12 |     5 |     1 |     3 |       ||    21
 Stab: Sleeping          |     1 |       |       |       |       |       |       ||     1
       Petrified         |       |       |       |     5 |       |       |       ||     5
       Distracted        |       |       |       |       |     1 |     2 |       ||     3
       Paralysed         |       |       |       |       |     1 |       |       ||     1
Armor: Leather armour    |    14 |     4 |       |       |       |       |       ||    18
       Ring mail         |       |    24 |    43 |       |       |       |       ||    67
       Skin              |       |       |    18 |       |       |       |       ||    18
       Scale mail        |       |       |    34 |   121 |   202 |   248 |    40 ||   645
Dodge: Dodged            |    27 |    38 |    78 |   139 |   271 |   453 |    79 ||  1085
       Repelled          |       |       |     1 |     4 |     9 |    14 |     2 ||    30
Block: Buckler           |    11 |    31 |   116 |   459 |   560 |       |       ||  1177
       Reflection        |       |       |       |    28 |    63 |   153 |     6 ||   250
       Kite shield       |       |       |       |       |   409 |  1876 |   337 ||  2622
       Other             |       |       |       |       |       |     2 |       ||     2

Table legend: (Time is in decaauts)
 A = Elapsed time spent in this place.
 B = Non-inter-level travel time spent in this place.
 C = Inter-level travel time spent in this place.
 D = Time resting spent in this place.
 E = Time spent auto-exploring this place.
 F = Levels seen in this place.
 G = Mean time per level.
                   A        B        C        D        E       F      G
               +--------+--------+--------+--------+--------+-----+--------+
         Total |  34612 |  31863 |   2749 |   3618 |  14644 |  32 | 1081.6 |
       Dungeon |  13036 |  11654 |   1382 |    632 |   6617 |  14 |  931.1 |
          Lair |   5977 |   5294 |    683 |    205 |   3083 |   6 |  996.2 |
        Shoals |   6683 |   6248 |    435 |   1808 |   1045 |   4 | 1670.8 |
     Snake Pit |   5942 |   5764 |    178 |    433 |   3341 |   4 | 1485.5 |
  Orcish Mines |   2132 |   2063 |     69 |    316 |    557 |   2 | 1066.0 |
        Vaults |    260 |    260 |      0 |      0 |      0 |   1 |  260.0 |
         Sewer |    580 |    580 |      0 |    223 |      0 |   1 |  580.0 |
               +--------+--------+--------+--------+--------+-----+--------+

Top non-repeatable levels by time:
Shoals:3: 2275 daAuts
 Snake:3: 1913 daAuts
  Lair:6: 1716 daAuts
 Snake:4: 1665 daAuts
Shoals:4: 1623 daAuts
Shoals:1: 1580 daAuts
    D:10: 1535 daAuts
 Snake:1: 1355 daAuts
   Orc:2: 1319 daAuts
     D:5: 1211 daAuts
Shoals:2: 1203 daAuts
     D:7: 1185 daAuts
    D:13: 1101 daAuts
    D:11: 1078 daAuts
     D:2: 1070 daAuts
